 Dungeon Crawl Stone Soup version 0.20.1-1-g8b1a95d (webtiles) character file.

3073 jmlagarto the Cruncher (level 9, 0/68 HPs)
             Began as a Vampire Berserker on Sept 17, 2017.
             Was a High Priest of Trog.
             Succumbed to a hornet's poison
             ... on level 8 of the Dungeon.
             The game lasted 00:15:11 (7976 turns).

jmlagarto the Cruncher (Vampire Berserker)          Turns: 7976, Time: 00:15:11

Health: 0/68       AC:  6    Str: 19    XL:     9   Next: 58%
Magic:  9/9        EV: 14    Int: 10    God:    Trog [*****.]
Gold:   477        SH:  0    Dex: 13    Spells: 8/8 levels left

rFire    . . .     SeeInvis +   m - +3 quarterstaff (chaos)
rCold    . . .     Gourm    .   (shield currently unavailable)
rNeg     + . .     Faith    .   C - +0 leather armour of Forking Paths {rCorr Slay+2}
rPois    .         Spirit   .   (no helmet)
rElec    .         Reflect  .   n - +2 cloak {+Inv}
rCorr    +         Harm     .   (no gloves)
MR       .....                  (no boots)
Stlth    ++........             (no amulet)
Regen    0.3/turn               (no ring)
MPRegen  0.2/turn               (no ring)

@: lethally poisoned (0 -> -6), berserk cooldown, slowed, very slow
A: fangs 3, see invisible, unbreathing
a: Bat Form, Berserk, Trog's Hand, Brothers in Arms, Burn Spellbooks, Renounce
Religion, Evoke Invisibility


You were on level 8 of the Dungeon.
You worshipped Trog.
Trog was extremely pleased with you.
You were not thirsty.

You visited 1 branch of the dungeon, and saw 8 of its levels.
You also visited: Sewer.

You collected 477 gold pieces.

Inventory:

Hand Weapons
 a - a +0 hand axe
 m - a +3 quarterstaff of chaos (weapon)
Armour
 i - a +0 ring mail
 n - a +2 cloak of invisibility (worn)
 C - the +0 leather armour of Forking Paths (worn) {rCorr Slay+2}
   (You found it on level 7 of the Dungeon)

   It affects your accuracy and damage with ranged weapons and melee attacks
   (+2).
   It protects you from acid and corrosion.
Jewellery
 b - an uncursed ring of resist corrosion {unknown}
 y - a +3 ring of evasion {unknown}
 z - a +3 ring of strength {unknown}
Wands
 t - a wand of lightning (7/15)
 u - a wand of lightning (3/15)
Scrolls
 c - 6 scrolls of identify
 f - a scroll of teleportation
 g - 2 scrolls of magic mapping
 k - a scroll of holy word {unknown}
 l - 2 scrolls of amnesia
 r - a scroll of fog
 B - 4 scrolls of remove curse
Potions
 d - 2 potions of flight
 e - 4 potions of curing
 h - 3 potions of agility
 j - 3 potions of brilliance {unknown}
 o - a potion of magic {unknown}
 p - 3 potions of lignification {unknown}
 q - 2 potions of heal wounds
 v - a potion of haste {unknown}
 x - a potion of ambrosia {unknown}


   Skills:
 + Level 5.0 Fighting
 - Level 3.9 Axes
 * Level 8.2 Staves
 + Level 4.8 Armour
 + Level 4.9 Dodging
 + Level 2.9 Stealth


You had 8 spell levels left.
You didn't know any spells.

Dungeon Overview and Level Annotations

Branches:
Dungeon (8/15)             Temple (0/1) D:4
   Lair: D:8-11

Altars:
Cheibriados
Dithmenos
Gozag
Nemelex Xobeh
Qazlal
Ru
Vehumet
Xom
Yredelemnul
Zin

Shops:
D:5 ?


Innate Abilities, Weirdness & Mutations

You have razor-sharp teeth.
You have supernaturally acute eyesight. (SInv)
You can survive without breathing.


Message History

There is a lethal amount of poison in your body!
* * * LOW HITPOINT WARNING * * *
You feel sick.
You feel a strong urge to attack something.
* * * LOW HITPOINT WARNING * * *
You feel sick.
You are no longer berserk.
Trog's vigour flows through your veins.
You are exhausted.
You feel as though you will be slow longer.
* * * LOW HITPOINT WARNING * * *
You feel sick.
You open the door.
* * * LOW HITPOINT WARNING * * *
You feel sick.
Found a basalt altar of Yredelemnul.
* * * LOW HITPOINT WARNING * * *
You feel sick.
There is an open door here.
You die...

#.##.........#.#
..P.P
#.#####.#.##.#.#
.P... #.#
#.#.##.#.##... #.#
..#.##.#.#...
####)#
####.##.#.#.#
.....# #.#......#
###### #.#......#
#...###..#####.#
#...#@'........#
##..###..#####.
.......?.##
..........#
#####<............
###........#..
##.####..... #..
....# ### #.##


There were no monsters in sight!

Vanquished Creatures
  Pikel (D:5)
  The ghost of Ymberti the Magician, a novice DEFE (D:5)
  A hornet (D:8)
  A hungry ghost (D:7)
  2 orc warriors
  A sky beast (D:7)
  A phantom (D:6)
  An ogre (D:7)
  3 big kobolds (Sewer)
  A bullfrog (D:6)
  A wyvern zombie (D:8)
  A scorpion (D:6)
  8 killer bees (D:7)
  A howler monkey (D:7)
  Crazy Yiuf (D:2)
  4 hounds
  A jelly (D:8)
  3 orc priests
  5 orc wizards
  4 iguanas
  4 worker ants
  A hound zombie (D:7)
  6 adders
  A river rat (D:7)
  2 oozes
  2 adder zombies (D:6)
  3 worms (D:4)
  4 dart slugs
  6 leopard geckos
  23 orcs
  5 ball pythons
  12 bats
  9 giant cockroaches
  10 goblins
  6 hobgoblins
  2 jackals (D:5)
  19 kobolds
  5 frilled lizards
  A jackal skeleton (D:6)
  A leopard gecko zombie (D:7)
  A quokka zombie (D:5)
  17 rats
182 creatures vanquished.

Vanquished Creatures (others)
  A centaur (D:5)
  A jackal (D:5)
  A quokka zombie (D:5)
3 creatures vanquished.

Grand Total: 185 creatures vanquished

Notes
Turn   | Place    | Note
-------+----------+-------------------------------------------
     0 | D:1      | jmlagarto the Vampire Berserker began the quest for the Orb.
     0 | D:1      | Reached XP level 1. HP: 17/17 MP: 1/1
   361 | D:1      | Reached XP level 2. HP: 13/24 MP: 2/2
   592 | D:1      | Reached XP level 3. HP: 21/29 MP: 3/3
  1200 | D:1      | Reached skill level 1 in Stealth
  1277 | D:2      | Reached ** piety under Trog
  1677 | D:2      | Found a stormy altar of Qazlal.
  1794 | D:2      | Found a sparkling altar of Nemelex Xobeh.
  1831 | D:2      | Reached XP level 4. HP: 35/35 MP: 4/4
  1912 | D:2      | Found a runed door.
  1916 | D:2      | Noticed Crazy Yiuf
  1932 | D:2      | Killed Crazy Yiuf
  2651 | D:3      | Reached XP level 5. HP: 41/41 MP: 5/5
  2802 | D:3      | Reached *** piety under Trog
  2802 | D:3      | Reached skill level 1 in Staves
  2867 | D:4      | Reached skill level 2 in Staves
  2901 | D:4      | Reached XP level 6. HP: 47/47 MP: 6/6
  2989 | D:4      | Reached skill level 3 in Staves
  3247 | D:4      | Found a radiant altar of Vehumet.
  3390 | D:4      | Found a glowing drain.
  3400 | Sewer    | Entered a sewer
  3517 | Sewer    | Reached XP level 7. HP: 53/53 MP: 7/7
  3648 | Sewer    | Reached skill level 4 in Staves
  3825 | D:4      | Found a staircase to the Ecumenical Temple.
  3942 | D:5      | Entered Level 5 of the Dungeon
  3952 | D:5      | Noticed Pikel
  3973 | D:5      | Killed Pikel
  3973 | D:5      | Reached skill level 5 in Staves
  3973 | D:5      | Reached XP level 8. HP: 22/60 MP: 8/8
  4219 | D:5      | Found a sacrificial altar of Ru.
  4283 | D:5      | Found a shimmering altar of Xom.
  4285 | D:5      | Found a shadowy altar of Dithmenos.
  4289 | D:5      | Found an opulent altar of Gozag.
  4450 | D:5      | Reached **** piety under Trog
  4562 | D:5      | Noticed Ymberti's ghost (novice DEFE)
  4575 | D:5      | Killed Ymberti's ghost
  4602 | D:5      | Found a glowing silver altar of Zin.
  4617 | D:5      | Found Eryrr's Magic Scroll Boutique.
  4913 | D:6      | Reached skill level 6 in Staves
  6450 | D:7      | Reached skill level 7 in Staves
  6450 | D:7      | Reached XP level 9. HP: 65/66 MP: 9/9
  6513 | D:7      | Got a faintly glowing leather armour
  6524 | D:7      | Identified the cursed +0 leather armour of Forking Paths {rCorr Slay+2} (You found it on level 7 of the Dungeon)
  6831 | D:7      | Found a snail-covered altar of Cheibriados.
  7683 | D:7      | Reached ***** piety under Trog
  7722 | D:8      | Reached skill level 8 in Staves
  7960 | D:8      | HP: 3/67 [hornet (12)]
  7965 | D:8      | Paralysed by a hornet for 2 turns
  7970 | D:8      | Reached skill level 5 in Fighting
  7972 | D:8      | HP: 5/102 [poisoned by a hornet]
  7974 | D:8      | Found a basalt altar of Yredelemnul.
  7975 | D:8      | HP: 1/68 [poisoned by a hornet]
  7976 | D:8      | Succumbed to a hornet's poison

Skill      XL: |  1  2  3  4  5  6  7  8  9 |
---------------+----------------------------+-----
Fighting       | 3 4 5 |  5.0
Axes           | 3 |  3.9
Stealth        | 1 2 |  2.9
Armour         | 2 3 4 |  4.8
Staves         | 2 3 5 7 8 |  8.2
Dodging        | 3 4 |  4.9

Action                   |  1- 3 |  4- 6 |  7- 9 || total
-------------------------+-------+-------+-------++-------
Melee: Hand axe          |   117 |    16 |       ||   133
       Bite              |    13 |    17 |    31 ||    61
       Quarterstaff      |       |   172 |   275 ||   447
Invok: Berserk           |       |     2 |     3 ||     5
       Trog's Hand       |       |     1 |     1 ||     2
       Burn Spellbooks   |       |       |     1 ||     1
  Use: Potion            |     2 |     9 |    24 ||    35
       Scroll            |       |       |     8 ||     8
 Stab: Sleeping          |     1 |     1 |     2 ||     4
       Paralysed         |       |       |     2 ||     2
Armor: Animal skin       |    14 |       |       ||    14
       Ring mail         |    14 |    94 |   108 ||   216
       Leather armour    |       |       |    17 ||    17
Dodge: Dodged            |    95 |   156 |   233 ||   484
